 Dungeon Crawl Stone Soup version 0.27.1-3-gb3d3a73c9e (webtiles) character file.

Game seed: 16622333075881881647

51 Descartes the Sneak (level 3, -5/19 HPs)
             Began as a Spriggan Delver on Oct 16, 2021.
             Slain by a worm (6 damage)
             ... on level 3 of the Dungeon.
             The game lasted 00:02:46 (1819 turns).

Descartes the Sneak (Spriggan Delver)               Turns: 1819, Time: 00:02:47

Health: -5/19      AC:  2    Str:  9    XL:     3   Next: 58%
Magic:  4/4        EV: 18    Int: 11    God:
Gold:   53         SH:  0    Dex: 16    Spells: 2/2 levels left

rFire    . . .     SeeInvis +   a - +0 short sword
rCold    . . .     Faith    .   (shield restricted)
rNeg     . . .     Spirit   .   b - +0 robe
rPois    .         Reflect  .   (helmet restricted)
rElec    .         Harm     .   (no cloak)
rCorr    .         Rampage  .   (gloves unavailable)
Will     .....                  (boots unavailable)
Stlth    ++++......             (no amulet)
HPRegen  0.06/turn              (no ring)
MPRegen  0.09/turn              (no ring)

@: very quick
A: very small, no large weapons, unfitting armour, see invisible, speed 3
a: no special abilities


You were on level 3 of the Dungeon.
You visited 1 branch of the dungeon, and saw 4 of its levels.

You collected 53 gold pieces.

Inventory:

Hand Weapons
 a - a +0 short sword (weapon)
Armour
 b - a +0 robe (worn)
Wands
 g - a wand of digging (3)
Scrolls
 c - 2 scrolls of fog
 d - a scroll of magic mapping
 e - a scroll of fear
 i - a scroll of teleportation {unknown}
 k - 2 scrolls of immolation {unknown}
 l - a scroll of amnesia {unknown}
Potions
 f - 2 potions of haste
 h - a potion of curing {unknown}
 j - a potion of heal wounds {unknown}


   Skills:
 + Level 2.8 Fighting
 + Level 2.9 Short Blades
 + Level 3.4 Dodging
 + Level 7.8 Stealth


You had 2 spell levels left.
You didn't know any spells.
Your spell library contained the following spells:

 Spells                   Type           Power      Damage    Failure   Level
 Frozen Ramparts          Ice            0%         1d2       71%         3
 Ice Form                 Ice/Tmut       0%         N/A       98%         4
 Summon Ice Beast         Ice/Summ       0%         N/A       98%         4


Dungeon Overview and Level Annotations

Branches:
Dungeon (5/15)
 Temple: D:4-7

Altars:


Innate Abilities, Weirdness & Mutations

You are very small and have problems with some larger weapons.
You are too small for most types of armour.
You have supernaturally acute eyesight. (SInv)
You cover ground extremely quickly. (Speed+++)


Message History

The giant cockroach is moderately wounded.
The giant cockroach misses you.
You barely miss the giant cockroach.
The giant cockroach is moderately wounded.
The giant cockroach completely misses you.
You barely miss the giant cockroach.
The giant cockroach is moderately wounded.
The giant cockroach closely misses you. The giant cockroach barely misses you.
You hit the giant cockroach but do no damage.
The giant cockroach is moderately wounded.
The giant cockroach bites you.
You hit the giant cockroach.
You kill the giant cockroach!
You hit the worm.
The worm is moderately wounded.
The worm bites you!
You hit the worm.
The worm is moderately wounded.
You hit the worm.
The worm is heavily wounded.
The worm misses you.
You hit the worm.
The worm is severely wounded.
You hit the worm.
The worm is almost dead.
The worm bites you!
Ouch! That really hurt!
* * * LOW HITPOINT WARNING * * *
You are too injured to fight recklessly!
You are too injured to fight recklessly!
You are too injured to fight recklessly!
You barely miss the worm.
The worm is almost dead.
You hit the worm but do no damage.
The worm is almost dead.
The worm barely misses you.
You hit the worm.
The worm is almost dead.
The worm bites you.
You die...

#.# #.. #.. ####
#.. #... ##.
########.#########.
#..................
#.w.........?######
#.@..........#
#............#
#............#
#............#
#............#
#....?.......#
#.........####
#.....>...#
###########


You could see a worm.

Vanquished Creatures
  An adder (D:2)
  4 worms
  A dart slug (D:4)
  3 orcs (D:3)
  2 ball pythons
  4 giant cockroaches
  A hobgoblin (D:3)
  3 kobolds
  2 bats (D:2)
  2 goblins
  4 rats
27 creatures vanquished.

Notes
Turn   | Place    | Note
-------+----------+-------------------------------------------
     0 | D:5      | Descartes the Spriggan Delver began the quest for the Orb.
     0 | D:5      | Reached XP level 1. HP: 11/11 MP: 2/2
    11 | D:5      | Noticed an ice beast
   120 | D:3      | Reached XP level 2. HP: 16/16 MP: 3/3
   841 | D:2      | Reached XP level 3. HP: 19/19 MP: 4/4
  1819 | D:3      | Slain by a worm

Illustrated notes

Levels and vault maps discovered:
D:2:      layout_basic, uniq_sigmund
D:3:      kennysheep_goblin_castle, layout_basic
D:4:      layout_basic, nicolae_sif_muna_little_library, gammafunk_ghost_arena
D:5:      layout_basic, mainiacjoe_overflow_paths,
          nicolae_overflow_hidden_temple, uniq_crazy_yiuf_cottage

Skill      XL: |  1 |
---------------+----+-----
Dodging        | 3 |  3.4
Fighting       | |  2.8
Short Blades   | |  2.9
Stealth        | |  7.8

Action                   || total
-------------------------++-------
Melee: Short sword       ||   117
 Stab: Sleeping          ||     8
Armor: Robe              ||     8
Dodge: Dodged            ||    90
